 Dungeon Crawl Stone Soup version 0.32-a0-418-g34023cf50c (webtiles) character file.

Game seed: 11310758762652920632

4880 Asfel the Grappler (level 10, -4/73 HPs)
             Began as a Demonspawn Berserker on Feb 21, 2024.
             Was a Priest of Trog.
             Slain by a two-headed ogre
             ... wielding a +0 giant club
              (15 damage)
             ... on level 8 of the Dungeon.
             The game lasted 00:21:47 (6164 turns).

Asfel the Grappler (Demonspawn Berserker)           Turns: 6164, Time: 00:21:47

Health: -4/73      AC: 19    Str: 20    XL:     10   Next: 26%
Magic:  10/10      EV: 10    Int:  8    God:    Trog [***...]
Gold:   404        SH:  4    Dex: 14    Spells: 9/9 levels left

rFire   . .          .
                       - Unarmed
rCold   . . .        (no shield)
rNeg    . . .        b - +4 chain mail {rPois}
rPois   +            (helmet restricted)
rElec   .            n - +0 cloak
rCorr   +            (no gloves)
SInv    .            (no boots)
Will    .....        (no amulet) Stlth
                     w - ring of resist corrosion
HPRegen 0.32/turn    (no ring)
MPRegen 0.12/turn

%: no passive effects
@: mighty, on berserk cooldown, slowed, invisible, very slow
A: claws 2, hooves 1, horns 1, foul stench 1, icemail 1, condensation shield
a: Renounce Religion, Berserk, Trog's Hand


You were on level 8 of the Dungeon.
You worshipped Trog.
Trog was most pleased with you.
You visited 1 branch of the dungeon, and saw 8 of its levels.

You collected 404 gold pieces.

Inventory:

Armour
 a - a +0 animal skin
 b - a +4 chain mail of poison resistance (worn)
 f - +0 steam dragon scales
 g - a +0 barding
 i - a +0 helmet
 m - a +2 pair of gloves
 n - a +0 cloak (worn)
 u - a +2 leather armour of willpower
 y - a +1 robe of cold resistance
 D - an orb of guile
Jewellery
 w - a ring of resist corrosion (left claw)
 C - an amulet of guardian spirit
 E - an amulet of regeneration
Wands
 t - a wand of flame (23)
 x - a wand of roots (18)
Scrolls
 c - a scroll of fear
 h - 6 scrolls of teleportation
 q - 2 scrolls of vulnerability
 s - a scroll of amnesia
 v - 2 scrolls of blinking
 z - a scroll of immolation
 A - a scroll of identify
 B - a scroll of butterflies {unknown}
Potions
 e - a potion of cancellation
 j - a potion of invisibility
 k - 2 potions of berserk rage {unknown}
 l - a potion of enlightenment
 o - 2 potions of curing
 p - a potion of haste {unknown}
 r - a potion of ambrosia {unknown}


   Skills:
 + Level 4.9 Fighting
 + Level 6.5 Armour
 + Level 4.3 Dodging
 + Level 1.3 Stealth
 + Level 3.5 Shields
 + Level 10.7 Unarmed Combat


You had 9 spell levels left.
You didn't know any spells.
Your spell library contained the following spells:

 Spells                   Type           Power      Damage    Failure   Level
 Ensorcelled Hibernation  Hex/Ice        0%         N/A       99%         2
 Passwall                 Erth           0%         N/A       100%        3
 Swiftness                Air            0%         N/A       100%        3


Dungeon Overview and Level Annotations

Branches:
Dungeon (8/15)             Temple (0/1) D:6            Lair (0/5) D:8

Altars:
Fedhas
Kikubaaqudgha

Annotations:
D:6 2 runed translucent doors, Pascal76's ghost, novice MiFi
D:8 1 runed translucent door


Innate Abilities, Weirdness & Mutations

You have very sharp fingernails.
You have large cloven feet.
You have a pair of small horns on your head.
You may rarely emit foul miasma when damaged in melee.
A meltable icy envelope protects you from harm. (AC +4)
A meltable shield of frost defends you. (SH +4)


Message History

Items here: ))) [ ††.
You are no longer berserk.
You are exhausted.
You feel yourself slow down. The killer bee stings you.
You are poisoned.
The killer bee poisons you!
Things that are here:
a +0 flail; a gnoll corpse You feel very sick.
The killer bee stings you but does no damage.
The two-headed ogre is engulfed in dark miasma.
The two-headed ogre is poisoned.
The two-headed ogre seems to slow down.
You block the killer bee's attack.
You feel sick.
The two-headed ogre is no longer moving slowly.
The killer bee completely misses you. The killer bee barely misses you.
The killer bee closely misses you.
You feel very mighty all of a sudden.
You feel the effects of Trog's Hand fading.
You feel sick. The killer bee closely misses you.
The killer bee stings you but does no damage.
The skeletal warrior hits you from afar with a +0 glaive!
* * * LOW HITPOINT WARNING * * *
You are no longer corroded.
You feel sick.
The two-headed ogre looks more healthy.
The two-headed ogre attacks as it pursues you!
The two-headed ogre barely misses you. The two-headed ogre misses you.
Okay, then.
You fade into invisibility!
You feel sick.
You are no longer poisoned.
The two-headed ogre hits you with a +0 giant club!
* * * LOW HITPOINT WARNING * * *
You emit a cloud of foul miasma!
The two-headed ogre hits you but does no damage.
Your skin stops crawling.
You feel less strong-willed.
The two-headed ogre is engulfed in dark miasma.
The two-headed ogre is poisoned.
The two-headed ogre hits you with a +0 giant club!
You die...

..#+#.##.######
#†#.#.#.......#
#.#.#.....###.##
#.....###.# #..#
###.#.....#
##.### ....#
.### #...###
.#### #.
###...### .# .
#.#...## ....##.
#####@###..#
....#
#yz.O..###.#
#.###
#)####.###.# ..#
#))).#...#.# #..
##.#.###...#
#.#.
9Kz#...#.#.# .
#.#
#.#####.#.#.#
(.. .#.#.# #!#
..#.#


You could see a skeletal warrior (unable to see you), a two-headed ogre (unable
to see you, poisoned) and a killer bee (unable to see you).

Vanquished Creatures
  An ugly thing (D:8)
  Maurice (D:7)
  Maggie (D:7)
  6 yaks (D:8)
  A steam dragon (D:6)
  Duvessa (D:7)
  2 water moccasins
  A black bear (D:7)
  An ice beast (D:5)
  2 sky beasts (D:8)
  An ogre (D:6)
  A centaur (D:6)
  5 scorpions
  5 wights (D:8)
  Dowan (D:7)
  4 killer bees (D:7)
  A howler monkey (D:5)
  A bombardier beetle (D:3)
  3 orc priests
  3 hounds
  A gnoll bouda (D:8)
  3 jellies
  7 orc wizards
  A sleepcap (D:6)
  3 iguanas
  Ijyb (D:5)
  Robin (D:3)
  12 gnolls
  9 adders
  A shadow imp (D:5)
  2 white imps
  2 ufetubi (D:6)
  5 dart slugs
  2 ribbon worms
  16 orcs
  6 ball pythons
  11 bats
  7 endoplasms
  5 giant cockroaches
  15 goblins
  12 hobgoblins
  4 jackals (D:1)
  3 quokkas
  6 frilled lizards
  2 goblin zombies (D:5)
  6 kobolds
  6 rats
191 creatures vanquished.

Notes
Turn   | Place    | Note
-------+----------+-------------------------------------------
     0 | D:1      | Asfel the Demonspawn Berserker began the quest for the Orb.
     0 | D:1      | Reached XP level 1. HP: 18/18 MP: 1/1
    71 | D:1      | Discovered your monstrous ancestry.
    71 | D:1      | Gained mutation: You have sharp fingernails. [demonic
                  | ancestry]
    71 | D:1      | Reached XP level 2. HP: 17/24 MP: 2/2
   114 | D:1      | Reached skill level 3 in Unarmed Combat
   136 | D:1      | Found a faded altar of an unknown god.
   175 | D:1      | Gained mutation: You have large cloven feet. [demonic
                  | ancestry]
   175 | D:1      | Reached XP level 3. HP: 29/29 MP: 3/3
   276 | D:1      | Reached ** piety under Trog
   797 | D:2      | Gained mutation: A meltable shield of frost defends you.
                  | (SH +4) [demonic ancestry]
   797 | D:2      | Reached XP level 4. HP: 37/37 MP: 4/4
  1041 | D:2      | Reached skill level 4 in Unarmed Combat
  1052 | D:2      | Reached XP level 5. HP: 22/42 MP: 5/5
  1692 | D:3      | Reached skill level 5 in Unarmed Combat
  1692 | D:3      | Gained mutation: A meltable icy envelope protects you from
                  | harm. (AC +4) [demonic ancestry]
  1692 | D:3      | Reached XP level 6. HP: 45/48 MP: 6/6
  1812 | D:3      | Noticed Robin
  1851 | D:3      | Killed Robin
  1859 | D:3      | Reached *** piety under Trog
  2574 | D:4      | Found a glowing drain.
  2805 | D:5      | Entered Level 5 of the Dungeon
  2817 | D:5      | Reached skill level 1 in Shields
  2817 | D:5      | Reached XP level 7. HP: 53/53 MP: 7/7
  2827 | D:5      | Reached skill level 6 in Unarmed Combat
  2829 | D:5      | Noticed Ijyb
  2838 | D:5      | Killed Ijyb
  3194 | D:5      | Gained mutation: You may rarely emit foul miasma when
                  | damaged in melee. [demonic ancestry]
  3194 | D:5      | Reached XP level 8. HP: 56/60 MP: 8/8
  3389 | D:5      | Reached skill level 7 in Unarmed Combat
  4134 | D:6      | Found a staircase to the Ecumenical Temple.
  4392 | D:6      | Found a runed translucent door.
  4395 | D:6      | Noticed Pascal76's ghost (novice MiFi)
  4527 | D:6      | Reached skill level 8 in Unarmed Combat
  4537 | D:6      | Found a runed translucent door.
  4678 | D:7      | Noticed Duvessa
  4678 | D:7      | Noticed Dowan
  4686 | D:7      | Killed Duvessa
  4687 | D:7      | Reached skill level 1 in Stealth
  4696 | D:7      | Killed Dowan
  4792 | D:7      | Noticed Maurice
  4802 | D:7      | Killed Maurice
  4803 | D:7      | Reached skill level 5 in Armour
  4803 | D:7      | Gained mutation: You have very sharp fingernails. [demonic
                  | ancestry]
  4803 | D:7      | Reached XP level 9. HP: 48/66 MP: 0/9
  4933 | D:7      | You fall into a shaft and drop 1 floor!
  4933 | D:8      | Found a staircase to the Lair.
  5054 | D:7      | Reached skill level 9 in Unarmed Combat
  5151 | D:7      | Noticed Maggie
  5163 | D:7      | Killed Maggie
  5701 | D:8      | Found a blossoming altar of Fedhas.
  5746 | D:8      | Found an ancient bone altar of Kikubaaqudgha.
  6009 | D:8      | Noticed a boulder beetle
  6009 | D:8      | Noticed a death knight
  6009 | D:8      | Noticed an orc knight
  6010 | D:8      | Found a runed translucent door.
  6012 | D:8      | Noticed a skeletal warrior
  6012 | D:8      | Noticed a white ugly thing
  6012 | D:8      | Noticed a cyclops
  6012 | D:8      | Noticed a red ugly thing
  6044 | D:8      | Reached skill level 10 in Unarmed Combat
  6053 | D:8      | Gained mutation: You have a pair of small horns on your
                  | head. [demonic ancestry]
  6053 | D:8      | Reached XP level 10. HP: 73/73 MP: 10/10
  6140 | D:8      | Noticed a brown ugly thing
  6151 | D:8      | Noticed a two-headed ogre
  6153 | D:8      | Noticed a skeletal warrior
  6154 | D:8      | Killed a brown ugly thing
  6154 | D:8      | Noticed a gargoyle
  6164 | D:8      | Slain by a two-headed ogre

Illustrated notes

Levels and vault maps discovered:
D:1:      amcnicky_arrival_underground_garden, layout_loops_ring,
          chequers_ecumenical_altar_island
D:2:      layout_basic
D:3:      layout_rooms, uniq_robin
D:4:      layout_cave_pools, mainiacjoe_overflow_paths,
          cheibrodos_sewer_entry_bend
D:5:      old_forge, layout_loops_corners, enter_ossuary_4, uniq_ijyb
D:6:      layout_loops_ring, minmay_temple_entry_glass, ebering_ghost_sewer_f
D:7:      layout_loops_cross, serial_glass, glass_columns_a, glass_columns_a,
          glass_columns_a, glass_columns_b, uniq_duvessa, uniq_maggie,
          uniq_maurice
D:8:      minmay_gate_of_8, layout_basic, fedhas_altar_4,
          nicolae_overflow_crystal_walls, nicolae_doodle_vault

Skill      XL: |  1  2  3  4  5  6  7  8  9 |
---------------+----------------------------+-----
Unarmed Combat | 3 4 5 6 8 10 | 10.7
Dodging        | 2 3 4 |  4.3
Armour         | 2 3 5 6 |  6.5
Shields        | 1 2 3 |  3.5
Fighting       | 4 |  4.9
Stealth        | 1 |  1.3

Action                     |  1- 3 |  4- 6 |  7- 9 | 10-12 || total
---------------------------+-------+-------+-------+-------++-------
  Melee: Unarmed           |    80 |   183 |   244 |    33 ||   540
         Kick              |     7 |    45 |    69 |    10 ||   131
         Punch             |     3 |     5 |     6 |     4 ||    18
         Headbutt          |       |       |       |     6 ||     6
 Invoke: Trog's Hand       |       |     3 |     6 |     1 ||    10
         Berserk           |       |     2 |     6 |     1 ||     9
    Use: Scroll            |       |    10 |     8 |       ||    18
         Potion            |       |     1 |     2 |     2 ||     5
 Armour: Animal skin       |     3 |       |       |       ||     3
         Chain mail        |    67 |   146 |   256 |    36 ||   505
  Dodge: Dodged            |    37 |    62 |   132 |    28 ||   259
  Block: Other             |       |    33 |    47 |    11 ||    91

Table legend: (Time is in decaauts)
 A = Elapsed time spent in this place.
 B = Non-inter-level travel time spent in this place.
 C = Inter-level travel time spent in this place.
 D = Time resting spent in this place.
 E = Time spent auto-exploring this place.
 F = Levels seen in this place.
 G = Mean time per level.
                   A        B        C        D        E       F      G
               +--------+--------+--------+--------+--------+-----+--------+
         Total |   6191 |   5545 |    646 |      0 |   4206 |   8 |  773.9 |
       Dungeon |   6191 |   5545 |    646 |      0 |   4206 |   8 |  773.9 |
               +--------+--------+--------+--------+--------+-----+--------+

Top non-repeatable levels by time:
     D:5: 1080 daAuts
     D:6: 805 daAuts
     D:1: 790 daAuts
     D:7: 787 daAuts
     D:4: 755 daAuts
     D:8: 701 daAuts
     D:2: 648 daAuts
     D:3: 622 daAuts
